 Dungeon Crawl Stone Soup version 0.27-a0-1049-g450f9b2e0d (webtiles) character file.

Game seed: 12424791027253340491

162 HoaS the Ruffian (level 4, 0/36 HPs)
             Began as a Demigod Gladiator on Apr 20, 2021.
             Slain by Natasha (3 damage)
             ... on level 3 of the Dungeon.
             The game lasted 00:06:06 (2979 turns).

HoaS the Ruffian (Demigod Gladiator)                Turns: 2979, Time: 00:06:06

Health: 0/36       AC:  8    Str: 19    XL:     4   Next: 99%
Magic:  6/6        EV: 10    Int: 10    God:
Gold:   90         SH:  0    Dex: 15    Spells: 3/3 levels left

rFire    . . .     SeeInvis .     - Unarmed
rCold    . . .     Faith    .   (no shield)
rNeg     . . .     Spirit   .   e - +0 scale mail
rPois    .         Reflect  .   b - +1 helmet
rElec    .         Harm     .   (no cloak)
rCorr    .         Rampage  .   (no gloves)
Will     .....                  (no boots)
Stlth    ..........             (no amulet)
HPRegen  0.12/turn              (no ring)
MPRegen  0.10/turn              (no ring)

@: no status effects
A: high mp 1, forlorn
a: no special abilities


You were on level 3 of the Dungeon.
You visited 1 branch of the dungeon, and saw 3 of its levels.
You also visited: Sewer.

You collected 90 gold pieces.

Inventory:

Missiles
 a - 5 poisoned darts
 c - 3 throwing nets (quivered)
Armour
 b - a +1 helmet (worn)
 e - a +0 scale mail (worn)
Jewellery
 o - an amulet of faith
Wands
 p - a wand of charming (10)
Scrolls
 d - a scroll of blinking
 l - 2 scrolls of teleportation
 m - a scroll of fear
Potions
 f - a potion of haste {unknown}
 g - a potion of magic {unknown}
 h - a potion of heal wounds {unknown}
 i - a potion of berserk rage {unknown}
 j - 3 potions of attraction {unknown}
 k - a potion of mutation {unknown}
 n - 3 potions of flight {unknown}
 q - a potion of curing {unknown}
 r - a potion of invisibility {unknown}


   Skills:
 - Level 1.7 Fighting
 - Level 1.7 Throwing
 - Level 2.6 Dodging
 + Level 5.4 Unarmed Combat


You had 3 spell levels left.
You didn't know any spells.
Your spell library contained the following spells:

 Spells                   Type           Power      Damage    Failure   Level
 Magic Dart               Conj           0%         1d3       77%         1
 Searing Ray              Conj           0%         3d3       88%         2
 Dazzling Flash           Conj/Hex       0%         N/A       98%         3
 Fulminant Prism          Conj/Hex       0%         3d6       100%        4
 Iskenderun's Mystic Bla  Conj/Tloc      0%         2d3       100%        4


Dungeon Overview and Level Annotations

Branches:
Dungeon (3/15)              Sewer (visited)

Annotations:
D:3 Natasha


Innate Abilities, Weirdness & Mutations

Your attributes grow dramatically as you level up.
You have an increased reservoir of magic. (+10% MP)
You shall have no god before yourself.


Message History

You punch the quokka!
You kill the quokka!
No target in view!
You see here a quokka corpse.
Natasha, Servant of Life and Death comes into view.
Natasha hisses angrily.
Natasha mumbles some strange words.
There are monsters nearby!
Natasha claws you.
The shadow imp hits you but does no damage.
You barely miss Natasha.
Natasha casts a spell.
The shadow imp gestures at you. Pain shoots through your body!
You hit Natasha.
Natasha is moderately wounded.
Natasha barely misses you.
You miss Natasha.
Natasha is moderately wounded.
The shadow imp closely misses you. Natasha claws you.
You barely miss Natasha.
Natasha is moderately wounded.
The shadow imp barely misses you. The white imp gestures at you.
The puff of frost hits you!
Natasha mumbles some strange words.
You hit Natasha.
Natasha is severely wounded.
The white imp hits you but does no damage.
The shadow imp gestures at you. Pain shoots through your body!
* * * LOW HITPOINT WARNING * * *
You closely miss Natasha.
Natasha is severely wounded.
Natasha claws you but does no damage.
The white imp hits you but does no damage.
The shadow imp hits you but does no damage.
You hit Natasha.
Natasha is almost dead.
Natasha claws you.
You die...

* ***,* ############# * *,,,*
#...........## *********,*,*
#.#####......#
,,,,,,,,*,*#######.#####......#
,,,,,,,,,,,...................###
,,,,,,,,,,,......................
,,,,,,,,*,,......................
,,,,,,,,*..##.####.#.#.#......###
,,,,,,,,,.....5h@................
,,,,,****......5.5...............
,,,,,*,,*...####............####.
,,,,,*,,+.,,*,,#.................
,,,,,*****,,+,,#...............##
,**,,*,,,*,,***#.................
,**,,*,,,+,,,,,..#...##..........
,***,*,,,*,,,,,..#...............
,***,*****,,*+**,#........####...


You could see an iron imp (summoned), Natasha, a white imp (summoned) and a
shadow imp (summoned).

Vanquished Creatures
  Natasha (D:3)
  5 adders
  4 worms
  3 endoplasms
  5 giant cockroaches
  3 goblins
  2 hobgoblins (D:1)
  13 jackals
  4 kobolds
  6 quokkas
  7 ball pythons
  11 bats
  5 frilled lizards
  6 rats
75 creatures vanquished.

Vanquished Creatures (others)
  A plant (D:3)
1 creature vanquished.

Grand Total: 76 creatures vanquished

Notes
Turn   | Place    | Note
-------+----------+-------------------------------------------
     0 | D:1      | HoaS the Demigod Gladiator began the quest for the Orb.
     0 | D:1      | Reached XP level 1. HP: 17/17 MP: 3/3
   104 | D:1      | Reached skill level 3 in Unarmed Combat
   372 | D:1      | Reached XP level 2. HP: 21/24 MP: 4/4
  1172 | D:2      | Reached XP level 3. HP: 17/29 MP: 5/5
  1394 | D:2      | Reached skill level 4 in Unarmed Combat
  2030 | D:2      | Reached XP level 4. HP: 34/36 MP: 6/6
  2346 | D:3      | Noticed Natasha
  2351 | D:3      | Killed Natasha
  2352 | D:3      | Reached skill level 5 in Unarmed Combat
  2438 | D:3      | Found a glowing drain.
  2447 | Sewer    | Entered a sewer
  2970 | D:3      | Noticed Natasha
  2979 | D:3      | Slain by Natasha

Illustrated notes

Levels and vault maps discovered:
D:1:      dpeg_arrival_solitude, layout_basic, grunt_decor_resistance
D:2:      layout_loops_ring, basic_altar, basic_ecumenical_altar,
          nrook_loot_triangle
D:3:      corexii_shack_village, layout_basic, amcnicky_altar_gilded,
          gup_sewer_entry_bubbles, serial_shops, nicolae_shop_behind_doors,
          uniq_natasha

Skill      XL: |  1  2  3  4 |
---------------+-------------+-----
Unarmed Combat | 3 4 5 |  5.4
Fighting       | |  1.7
Throwing       | |  1.7
Dodging        | |  2.6

Action                   |  1- 3 |  4- 6 || total
-------------------------+-------+-------++-------
Melee: Unarmed           |   188 |   100 ||   288
       Punch             |     5 |     3 ||     8
  Use: Scroll            |     4 |     3 ||     7
Armor: Scale mail        |    73 |    61 ||   134
       Leather armour    |     9 |       ||     9
Dodge: Dodged            |    99 |    56 ||   155

Table legend: (Time is in decaauts)
 A = Elapsed time spent in this place.
 B = Non-inter-level travel time spent in this place.
 C = Inter-level travel time spent in this place.
 D = Time resting spent in this place.
 E = Time spent auto-exploring this place.
 F = Levels seen in this place.
 G = Mean time per level.
                   A        B        C        D        E       F      G
               +--------+--------+--------+--------+--------+-----+--------+
         Total |   3070 |   2874 |    196 |    789 |   1490 |   4 |  767.5 |
       Dungeon |   2647 |   2451 |    196 |    765 |   1211 |   3 |  882.3 |
         Sewer |    423 |    423 |      0 |     24 |    278 |   1 |  423.0 |
               +--------+--------+--------+--------+--------+-----+--------+

Top non-repeatable levels by time:
     D:2: 1345 daAuts
     D:1: 887 daAuts
   Sewer: 423 daAuts
     D:3: 414 daAuts
